 Dungeon Crawl Stone Soup version 0.27-a0-1116-g91b3acb402 (webtiles) character file.

Game seed: 8649073841748989754

4 funkygono the Firebug (level 1, -3/13 HPs)
             Began as a Demonspawn Fire Elementalist on May 2, 2021.
             Slain by a quokka (4 damage)
             ... on level 1 of the Dungeon.
             The game lasted 00:01:59 (220 turns).

funkygono the Firebug (Demonspawn Fire Elementalist) Turns: 220, Time: 00:01:59

Health: -3/13      AC:  2    Str:  8    XL:     1   Next: 50%
Magic:  1/3        EV: 12    Int: 16    God:
Gold:   0          SH:  0    Dex: 13    Spells: 3/4 levels left

rFire    . . .     SeeInvis .   (no weapon)
rCold    . . .     Faith    .   (no shield)
rNeg     . . .     Spirit   .   a - +0 robe
rPois    .         Reflect  .   (no helmet)
rElec    .         Harm     .   (no cloak)
rCorr    .         Rampage  .   (no gloves)
Will     .....                  (no boots)
Stlth    ++........             (no amulet)
HPRegen  0.04/turn              (no ring)
MPRegen  0.08/turn              (no ring)

@: no status effects
A: no striking features
a: no special abilities


You were on level 1 of the Dungeon.
You visited 1 branch of the dungeon, and saw 1 of its levels.

Inventory:

Armour
 a - a +0 robe (worn)


   Skills:
 + Level 1.7 Dodging
 - Level 1.7 Stealth
 * Level 2.0 Spellcasting
 * Level 1.0 Conjurations
 * Level 2.9 Fire Magic


You had 3 spell levels left.
You knew the following spells:

 Your Spells              Type           Power      Damage    Failure   Level
a - Foxfire               Conj/Fire      32%        2x1d5     9%          1

Your spell library contained the following spells:

 Spells                   Type           Power      Damage    Failure   Level
 Conjure Flame            Conj/Fire      8%         6-21      26%         3
 Inner Flame              Hex/Fire       6%         N/A       34%         3
 Sticky Flame             Conj/Fire      8%         2d3       65%         4
 Fireball                 Conj/Fire      4%         3d4       94%         5


Dungeon Overview and Level Annotations

Branches:
Dungeon (1/15)

Altars:


Message History

You don't have enough magic to cast this spell.
Casting: Foxfire (safe; 9% risk of failure)
Confirm with . or Enter, or press ? or * to list all spells.
You don't have enough magic to cast this spell.
Casting: Foxfire (safe; 9% risk of failure)
Confirm with . or Enter, or press ? or * to list all spells.
You miscast Foxfire.
You are very lightly contaminated with residual magic.
Nothing appears to happen.
Your magical contamination has completely faded away.
The endoplasm barely misses you.
Casting: Foxfire (safe; 9% risk of failure)
Confirm with . or Enter, or press ? or * to list all spells.
You miscast Foxfire.
You are very lightly contaminated with residual magic.
Nothing appears to happen.
The endoplasm freezes you.
You are frozen.
The endoplasm hits you.
Your magical contamination has completely faded away.
Casting: Foxfire (safe; 9% risk of failure)
Confirm with . or Enter, or press ? or * to list all spells.
You miscast Foxfire.
You are very lightly contaminated with residual magic.
Nothing appears to happen.
The endoplasm hits you.
Your magical contamination has completely faded away.
Casting: Foxfire (safe; 9% risk of failure)
Confirm with . or Enter, or press ? or * to list all spells.
You conjure some foxfire!
The endoplasm hits you.
Your foxfire dissipates!
The foxfire hits the endoplasm.
The endoplasm is almost dead.
The endoplasm freezes you.
You are frozen.
The endoplasm jiggles.
The quokka misses you. The quokka bites you.
* * * LOW HITPOINT WARNING * * *
The quokka bites you.
You die...

#+ #.....# #.#.#####
.. #.....# ##...#####
#.##.....# #.gr.r....
#......#.#
###.########
####.###.# #...# #.#
#.# #g### #.# #.#
#...# ### #.# #.##
###.# ..#### ####.#
#@.# ####.# ##...##
#....# ##r# #....#
####.###.#### #J#
#....# ##.##....#
#g###....# #
#.##....####..##....#
##
##.#.........>##g...#
.#
#.##.....###....####
.+ #........# #.####
.# #.#....### #.#


You could see an endoplasm, a quokka and a hobgoblin.

Vanquished Creatures
  An endoplasm (D:1)
  A hobgoblin (D:1)
  A frilled lizard (D:1)
  A rat (D:1)
4 creatures vanquished.

Vanquished Creatures (others)
  10 foxfires (D:1)
10 creatures vanquished.

Grand Total: 14 creatures vanquished

Notes
Turn   | Place    | Note
-------+----------+-------------------------------------------
     0 | D:1      | funkygono the Demonspawn Fire Elementalist began the quest
                  | for the Orb.
     0 | D:1      | Reached XP level 1. HP: 13/13 MP: 3/3
   220 | D:1      | Slain by a quokka

Illustrated notes

Levels and vault maps discovered:
D:1:      dpeg_arrival_another_circle, layout_basic,
          hangedman_decor_diamond_cutter

Action                   || total
-------------------------++-------
 Cast: Foxfire           ||     7
Dodge: Dodged            ||     2

Table legend: (Time is in decaauts)
 A = Elapsed time spent in this place.
 B = Non-inter-level travel time spent in this place.
 C = Inter-level travel time spent in this place.
 D = Time resting spent in this place.
 E = Time spent auto-exploring this place.
 F = Levels seen in this place.
 G = Mean time per level.
                   A        B        C        D        E       F      G
               +--------+--------+--------+--------+--------+-----+--------+
         Total |    220 |    220 |      0 |      0 |    144 |   1 |  220.0 |
       Dungeon |    220 |    220 |      0 |      0 |    144 |   1 |  220.0 |
               +--------+--------+--------+--------+--------+-----+--------+

Top non-repeatable levels by time:
     D:1: 220 daAuts
